 Dungeon Crawl Stone Soup version 0.20.1-1-g8b1a95d (webtiles) character file.

9878 froobite the Slicer (level 11, -3/97 HPs)
             Began as a Minotaur Berserker on Aug 4, 2017.
             Was a High Priest of Trog.
             Slain by Sonja
             ... wielding a +0 dagger of distortion
              (4 damage)
             ... on level 2 of the Lair of Beasts.
             The game lasted 00:29:23 (8868 turns).

froobite the Slicer (Minotaur Berserker)            Turns: 8868, Time: 00:29:23

Health: -3/97      AC: 16    Str: 23    XL:     11   Next: 28%
Magic:  10/10      EV: 13    Int:  4    God:    Trog [*****.]
Gold:   372        SH:  0    Dex: 12    Spells: 10/10 levels left

rFire    . . .     SeeInvis +   H - +3 scimitar (flame)
rCold    . . .     Gourm    .   (no shield)
rNeg     . . .     Faith    .   E - +3 scale mail
rPois    .         Spirit   .   (helmet restricted)
rElec    .         Reflect  .   F - scarf {cloud immunity}
rCorr    .         Harm     .   D - +2 pair of gloves
MR       .....                  u - +0 pair of boots
Stlth    +.........             (no amulet)
Regen    0.3/turn               p - ring of see invisible
MPRegen  0.2/turn               (no ring)

@: lethally poisoned (-3 -> -14), berserk cooldown, slowed, very slow
A: retaliatory headbutt, horns 2
a: Berserk, Trog's Hand, Brothers in Arms, Burn Spellbooks, Renounce Religion


You were on level 2 of the Lair of Beasts.
You worshipped Trog.
Trog was extremely pleased with you.
You were not hungry.

You visited 2 branches of the dungeon, and saw 11 of its levels.

You collected 372 gold pieces.

Inventory:

Hand Weapons
 a - a +1 hand axe
 k - a +1 short sword of holy wrath
 l - a +3 short sword of venom
 H - a +3 scimitar of flaming (weapon)
Missiles
 x - 2 throwing nets (quivered)
Armour
 b - a +0 animal skin
 d - a scarf of repulsion
 e - a +0 leather armour
 j - a +2 ring mail
 u - a +0 pair of boots (worn)
 y - a +0 chain mail
 z - a +0 scale mail
 C - a +0 cloak
 D - a +2 pair of gloves (worn)
 E - a +3 scale mail (worn)
 F - a scarf of cloud immunity (worn)
Jewellery
 p - a ring of see invisible (left hand)
Wands
 s - a wand of flame (20/48)
 B - a wand of iceblast (10/15)
 G - a wand of lightning (0/15)
Scrolls
 f - 3 scrolls of fog
 m - 4 scrolls of teleportation
 o - 7 scrolls of remove curse
Potions
 g - 4 potions of might
 h - a potion of ambrosia {unknown}
 i - a potion of curing
 n - a potion of degeneration {unknown}
 r - 2 potions of flight
 v - a potion of agility
 A - a potion of haste {unknown}
 I - a potion of mutation {unknown}
Comestibles
 c - 3 fruits
 q - 2 royal jellies
 t - 2 meat rations
 w - 7 bread rations


   Skills:
 + Level 9.3 Fighting
 + Level 10.4(11.4) Short Blades
 + Level 8.7(11.2) Long Blades
 + Level 5.8 Axes
 + Level 0.6 Throwing
 + Level 9.5 Armour
 + Level 6.6 Dodging
 + Level 2.9 Stealth
 + Level 0.5 Evocations


You had 10 spell levels left.
You didn't know any spells.

Dungeon Overview and Level Annotations

Branches:
Dungeon (9/15)             Temple (0/1) D:5            Lair (2/6) D:9
    Orc (0/2) D:9
  Swamp: Lair:2-4    Shoals: Lair:2-4     Snake: Lair:2-4    Spider: Lair:2-4

Altars:
Ashenzari
Dithmenos
Elyvilon
Fedhas
Hepliaklqana
Kikubaaqudgha
Makhleb
Nemelex Xobeh
Trog
Xom
Yredelemnul
The Shining One

Annotations:
Lair:2 Sonja


Innate Abilities, Weirdness & Mutations

You reflexively headbutt those who attack you in melee.
You have a pair of horns on your head.


Message History

Sonja hits you with an uncursed dagger of distortion.
* * * LOW HITPOINT WARNING * * *
Space bends around you.
* * * LOW HITPOINT WARNING * * *
Sonja closely misses you.
Sonja hits you with an uncursed dagger of distortion.
* * * LOW HITPOINT WARNING * * *
Space warps horribly around you!
* * * LOW HITPOINT WARNING * * *
Sonja hits you with an uncursed dagger of distortion.
* * * LOW HITPOINT WARNING * * *
Sonja hits you but does no damage. Space bends around you.
* * * LOW HITPOINT WARNING * * *
Sonja closely misses you.
As you read the scroll of fog, it crumbles to dust.
The scroll dissolves into smoke.
* * * LOW HITPOINT WARNING * * *
You feel very sick.
Sonja hits you with an uncursed dagger of distortion.
You die...

..#.###.#.....
...............#
................
................
.................
#......... ......
#..##..§§##.....#
#......§@K......#
#......§§§.......
..+....(<.......
#.......#.....
#..........# ....
#.........(# ..#
#............ .#
#$.##.#P...... .
#.. ...........


You could see Sonja.

Vanquished Creatures
  A hydra (Lair:1)
  A two-headed ogre (D:9)
  Erica (D:8)
  The ghost of bgiannan the Skirmisher, a novice MiFi (D:6)
  A spiny frog (Lair:1)
  A black mamba (Lair:1)
  A rime drake (Lair:1)
  A troll (D:9)
  A hornet (D:8)
  2 hippogriffs
  A wraith (D:9)
  A wyvern (D:9)
  7 yaks
  A hungry ghost (D:8)
  Menkaure (D:6)
  A water moccasin (Lair:1)
  3 porcupines
  2 ice beasts
  2 phantoms
  An orc warrior (D:9)
  A black bear (D:9)
  5 sky beasts
  5 ogres
  2 centaurs
  2 crocodiles
  2 elf zombies (D:9)
  2 bullfrogs
  3 scorpions
  A wight (D:9)
  3 howler monkeys
  2 centaur zombies
  2 crimson imps
  4 hounds
  5 human zombies (D:9)
  6 jellies
  2 centaur skeletons
  4 orc priests
  2 bullfrog skeletons
  Natasha (twice) (D:3)
  7 orc wizards
  6 iguanas
  7 worker ants
  A killer bee zombie (D:9)
  A mummy (D:9)
  8 gnolls
  10 adders
  4 shadow imps
  An ooze (D:1)
  An adder skeleton (D:9)
  An adder zombie (D:9)
  3 worms
  2 dart slugs
  6 leopard geckos
  19 orcs
  5 bats
  2 giant cockroaches
  8 goblins
  6 hobgoblins
  14 jackals
  7 quokkas
  2 frilled lizards
  3 kobolds
  An orc skeleton (D:9)
  An orc zombie (D:9)
  A quokka zombie (D:5)
  4 rats
217 creatures vanquished.

Notes
Turn   | Place    | Note
-------+----------+-------------------------------------------
     0 | D:1      | froobite the Minotaur Berserker began the quest for the Orb.
     0 | D:1      | Reached XP level 1. HP: 19/19 MP: 0/0
   147 | D:1      | Reached XP level 2. HP: 18/27 MP: 1/1
   573 | D:2      | Reached XP level 3. HP: 33/33 MP: 2/2
   589 | D:2      | Found a white marble altar of Elyvilon.
  1310 | D:2      | Reached XP level 4. HP: 41/41 MP: 3/3
  1416 | D:3      | Noticed Natasha
  1423 | D:3      | Reached ** piety under Trog
  1425 | D:3      | Killed Natasha
  1425 | D:3      | Reached skill level 5 in Axes
  1550 | D:3      | Reached XP level 5. HP: 37/47 MP: 4/4
  1642 | D:3      | Reached skill level 5 in Fighting
  2146 | D:3      | Noticed Natasha
  2150 | D:3      | Killed Natasha
  2219 | D:4      | Reached skill level 1 in Short Blades
  2285 | D:4      | Reached XP level 6. HP: 53/56 MP: 5/5
  2465 | D:4      | Found a sparkling altar of Nemelex Xobeh.
  2560 | D:4      | Reached *** piety under Trog
  2790 | D:5      | Entered Level 5 of the Dungeon
  2823 | D:5      | Noticed a sky beast
  2833 | D:5      | Killed a sky beast
  2833 | D:5      | Reached skill level 2 in Short Blades
  2833 | D:5      | Reached skill level 5 in Armour
  2841 | D:5      | Noticed an ice beast
  2851 | D:5      | Killed an ice beast
  2851 | D:5      | Reached skill level 3 in Short Blades
  2851 | D:5      | Reached XP level 7. HP: 48/61 MP: 6/6
  3082 | D:5      | Found a basalt altar of Yredelemnul.
  3163 | D:5      | Reached skill level 1 in Stealth
  3238 | D:5      | Reached skill level 4 in Short Blades
  3498 | D:5      | Found a staircase to the Ecumenical Temple.
  3748 | D:6      | Reached skill level 5 in Short Blades
  3782 | D:6      | Reached XP level 8. HP: 50/70 MP: 7/7
  3825 | D:6      | Noticed bgiannan's ghost (novice MiFi)
  3840 | D:6      | Killed bgiannan's ghost
  3840 | D:6      | Reached skill level 6 in Short Blades
  3864 | D:6      | Reached skill level 7 in Short Blades
  3904 | D:6      | Found a blossoming altar of Fedhas.
  3905 | D:6      | Found a burning altar of Makhleb.
  3905 | D:6      | Found a bloodstained altar of Trog.
  3905 | D:6      | Found a hazy altar of Hepliaklqana.
  4499 | D:6      | Noticed Menkaure
  4503 | D:6      | Killed Menkaure
  4503 | D:6      | Reached skill level 8 in Short Blades
  4567 | D:6      | Reached **** piety under Trog
  4567 | D:6      | Reached XP level 9. HP: 78/78 MP: 8/8
  5357 | D:8      | Found a shadowy altar of Dithmenos.
  5427 | D:8      | Reached skill level 9 in Short Blades
  5449 | D:8      | Reached skill level 5 in Dodging
  5501 | D:8      | Found a shimmering altar of Xom.
  5883 | D:8      | Noticed Erica
  5893 | D:8      | Killed Erica
  5893 | D:8      | Reached skill level 10 in Short Blades
  5893 | D:8      | Reached XP level 10. HP: 63/88 MP: 9/9
  6473 | D:9      | Reached skill level 1 in Long Blades
  6501 | D:9      | Found a staircase to the Lair.
  6761 | Lair:1   | Entered Level 1 of the Lair of Beasts
  6883 | Lair:1   | Noticed a black mamba
  6887 | Lair:1   | Killed a black mamba
  6887 | Lair:1   | Reached skill level 5 in Long Blades
  7049 | Lair:1   | Noticed a spiny frog
  7064 | Lair:1   | Killed a spiny frog
  7088 | Lair:1   | Noticed an eight-headed hydra
  7100 | Lair:1   | Killed a four-headed hydra
  7395 | D:9      | Found a staircase to the Orcish Mines.
  7440 | D:9      | Found a shattered altar of Ashenzari.
  7582 | D:9      | Reached XP level 11. HP: 88/95 MP: 10/10
  7670 | D:9      | Found a glowing golden altar of the Shining One.
  7673 | D:9      | Reached ***** piety under Trog
  8090 | D:9      | Found an ancient bone altar of Kikubaaqudgha.
  8124 | D:9      | Received a gift from Trog
  8303 | D:9      | Noticed a two-headed ogre
  8307 | D:9      | Killed a two-headed ogre
  8860 | Lair:2   | Noticed Sonja
  8867 | Lair:2   | HP: 3/97 [Sonja/uncursed dagger of distortion (5)]
  8868 | Lair:2   | HP: 1/97 [poisoned by Sonja (curare-tipped needle)]
  8868 | Lair:2   | Slain by Sonja

Skill      XL: |  1  2  3  4  5  6  7  8  9 10 11 |
---------------+----------------------------------+-----
Axes           | 4 5 |  5.8
Fighting       | 4 5 6 7 8 9 |  9.3
Armour         | 3 4 5 6 7 9 |  9.5
Short Blades   | 1 3 5 8 10 | 10.4
Dodging        | 3 4 5 6 |  6.6
Stealth        | 1 2 |  2.9
Long Blades    | 7 8 |  8.7
Throwing       | |  0.6
Evocations     | |  0.5

Action                   |  1- 3 |  4- 6 |  7- 9 | 10-12 || total
-------------------------+-------+-------+-------+-------++-------
Melee: Hand axe          |    67 |    28 |       |       ||    95
       Headbutt          |     9 |    17 |    55 |    43 ||   124
       Short sword       |       |    85 |   243 |       ||   328
       Scimitar          |       |       |       |   185 ||   185
Throw: Throwing net      |       |       |     1 |       ||     1
Invok: Berserk           |       |     1 |     3 |     6 ||    10
Evoke: Wand              |       |       |       |     4 ||     4
  Use: Scroll            |     3 |     5 |    10 |     2 ||    20
       Potion            |       |       |       |     6 ||     6
  Eat: Chunk             |       |     2 |     4 |     1 ||     7
       Bread ration      |       |     1 |       |     1 ||     2
       Meat ration       |       |       |     2 |     2 ||     4
       Royal jelly       |       |       |       |     1 ||     1
Armor: Animal skin       |     1 |       |       |       ||     1
       Leather armour    |     6 |       |       |       ||     6
       Ring mail         |    15 |    38 |    71 |       ||   124
       Scale mail        |       |       |    28 |    86 ||   114
Dodge: Dodged            |    56 |    61 |   130 |   130 ||   377
       Rpst.: Scimitar   |       |       |       |    38 ||    38
